 Dungeon Crawl Stone Soup version 0.32-a0-22-g6ae6769602 (webtiles) character file.

Game seed: 3494867294998558614

7569 Bard227 the Cleaver (level 10, -8/91 HPs)
             Began as a Minotaur Fighter on Jan 18, 2024.
             Mangled by a two-headed ogre
             ... wielding a +0 giant club
              (12 damage)
             ... on level 1 of the Orcish Mines.
             The game lasted 00:27:40 (3837 turns).

Bard227 the Cleaver (Minotaur Fighter)              Turns: 3837, Time: 00:27:42

Health: -8/91      AC: 13    Str: 25    XL:     10   Next: 97%
Magic:  9/9        EV: 12    Int:  5    God:
Gold:   638        SH:  5    Dex: 10    Spells: 9/9 levels left

rFire   . . .        G - +1 hand axe (drain)
rCold   . . .        c - +0 buckler
rNeg    . . .        p - +4 ring mail "Rimomny" {Rampage rElec Regen+ Stlth+}
rPois   .            (helmet restricted)
rElec   +            (no cloak)
rCorr   +            (no gloves)
SInv    .            w - +0 pair of boots
Will    .....        (no amulet)
Stlth   ++           m - +4 ring of protection
HPRegen 1.15/turn    q - ring of resist corrosion
MPRegen 0.11/turn

%: rampage
@: no status effects
A: horns 2, retaliatory headbutt, deformed body, inability to drink after injury
1, MP-powered wands, persistent drain
a: no special abilities


You were on level 1 of the Orcish Mines.
You visited 2 branches of the dungeon, and saw 12 of its levels.

You collected 638 gold pieces.

Inventory:

Hand Weapons
 a - a +0 war axe
 D - a +2 battleaxe
 G - a +1 hand axe of draining (weapon)
Missiles
 r - 2 atropa-tipped darts (quivered)
 s - a throwing net
 t - 3 silver javelins
 H - 5 curare-tipped darts
Armour
 b - a +0 scale mail
 c - a +0 buckler (worn)
 p - the +4 ring mail "Rimomny" (worn) {Rampage rElec Regen+ Stlth+}
   (You found it on level 3 of the Dungeon)

   rElec:     It insulates you from electricity.
   Regen+:    It increases your rate of health regeneration.
   Rampage:   It bestows one free step when moving towards enemies.
   Stlth+:    It makes you more stealthy.
 w - a +0 pair of boots (worn)
Jewellery
 g - an amulet of magic regeneration
 m - a +4 ring of protection (left hand)
 q - a ring of resist corrosion (right hand)
 y - a ring of ice
 J - a ring of protection from cold
Wands
 F - a wand of charming (5)
Scrolls
 f - 3 scrolls of identify {unknown}
 h - 2 scrolls of immolation {unknown}
 i - a scroll of brand weapon {unknown}
 l - 3 scrolls of teleportation {unknown}
 n - a scroll of silence {unknown}
 o - a scroll of fog {unknown}
 x - a scroll of noise {unknown}
 A - a scroll of poison {unknown}
 B - a scroll of summoning {unknown}
 I - a scroll of enchant armour {unknown}
Potions
 e - 2 potions of brilliance {unknown}
 j - 3 potions of attraction {unknown}
 k - a potion of lignification {unknown}
 z - a potion of curing {unknown}
 C - 2 potions of resistance {unknown}
 E - a potion of ambrosia {unknown}


   Skills:
 + Level 9.4 Fighting
 + Level 13.5 Axes
 + Level 0.4 Throwing
 + Level 8.2 Armour
 + Level 6.2 Dodging
 + Level 3.4 Stealth
 + Level 6.4 Shields


You had 9 spell levels left.
You didn't know any spells.
Your spell library contained the following spells:

 Spells                   Type           Power      Damage    Failure   Level
 Shock                    Conj/Air       0%         1d3       65%         1
 Swiftness                Air            0%         N/A       95%         3
 Airstrike                Air            0%         2d(0-16)  100%        4
 Ignite Poison            Fire/Alch      0%         N/A       100%        4
 Sticky Flame             Fire/Alch      0%         2d4       100%        4
 Ignition                 Fire           0%         3d3       100%        8


Dungeon Overview and Level Annotations

Branches:
Dungeon (10/15)            Temple (0/1) D:5             Orc (2/2) D:10
   Lair: D:8-11         Elf: Orc:2

Altars:
Ashenzari
Makhleb
Qazlal
Ru
Uskayaw
Vehumet
Wu Jian
The Shining One

Shops:
D:4 :   Orc:2 (


Innate Abilities, Weirdness & Mutations

You have a pair of horns on your head.
You reflexively headbutt those who attack you in melee.
Armour fits poorly on your strangely shaped body.
You occasionally lose the ability to drink potions when taking damage.
You expend magic power (3 MP) to strengthen your wands.
Your health recovers twice as slowly from being drained.


Message History

The two-headed ogre is severely wounded.
You hit the two-headed ogre. You drain the two-headed ogre.
You hit the two-headed ogre but do no damage.
You hit the two-headed ogre.
The two-headed ogre hits you with a +0 giant spiked club!
The two-headed ogre hits you with a +0 giant spiked club!!
An ogre comes into view. It is wielding a +0 giant club.
You barely miss the two-headed ogre.
The ogre shouts!
Your headbutt misses the two-headed ogre.
The two-headed ogre is lightly wounded.
You barely miss the two-headed ogre.
You hear a shout! x2
You hit the two-headed ogre. You drain the two-headed ogre.
You headbutt the two-headed ogre!
The two-headed ogre is moderately wounded.
You completely miss the two-headed ogre.
You hit the two-headed ogre. You drain the two-headed ogre.
The two-headed ogre hits you with a +0 giant club!!
* * * LOW HITPOINT WARNING * * *
The two-headed ogre misses you.
An ogre comes into view. It is wielding a +0 giant club.
The two-headed ogre hits you with a +0 giant club!
* * * LOW HITPOINT WARNING * * *
You block the two-headed ogre's attack.
The two-headed ogre hits you with a +0 giant spiked club!
* * * LOW HITPOINT WARNING * * *
The two-headed ogre hits you with a +0 giant spiked club!
* * * LOW HITPOINT WARNING * * *
You climb upwards.
There is a stone staircase leading down here.
Welcome back, Bard227 the Minotaur Fighter.
Press ? for a list of commands and other information.
It was a potion of mutation.
You feel extremely strange.
You begin to recover more slowly from draining effects.
You occasionally lose the ability to drink potions when taking damage.
Your body twists and deforms.
You feel your magical essence link to the dungeon's wands.
The two-headed ogre hits you with a +0 giant club!
You die...

######### ### ###
##..#.##.###.###.#### #
#.............#.....####
##.............#.....#..
#.................).#...
##.....OO.........)......
#......O@..#.##...)......
##.#..........#.#........
##......#................
#.............)..........
##..#............#.....##
###....................#
##.................#...
##..................#...
#...#.##................


You could see 3 two-headed ogres.

Vanquished Creatures
  A two-headed ogre (D:9)
  2 orc sorcerers (Orc:1)
  3 trolls (Orc:1)
  18 yaks
  A vampire (D:10)
  A warg (Orc:1)
  A water moccasin (D:8)
  6 orc warriors
  2 ice beasts (D:7)
  A black bear (D:5)
  6 ogres
  2 phantoms
  A kobold brigand (D:10)
  5 wights (D:7)
  3 killer bees (D:8)
  A howler monkey (D:9)
  2 hounds
  A gnoll bouda (D:8)
  An orc priest (Orc:1)
  5 iguanas
  8 orc wizards
  6 adders
  A gnoll (D:1)
  2 white imps
  2 ufetubi (D:6)
  36 orcs
  5 ball pythons
  An endoplasm (D:4)
  2 giant cockroaches
  5 goblins
  5 hobgoblins
  2 jackals (D:4)
  2 quokkas
  2 bats
  10 kobolds
  2 rats
154 creatures vanquished.

Notes
Turn   | Place    | Note
-------+----------+-------------------------------------------
     0 | D:1      | Bard227 the Minotaur Fighter began the quest for the Orb.
     0 | D:1      | Reached XP level 1. HP: 19/19 MP: 0/0
    69 | D:1      | Reached XP level 2. HP: 16/27 MP: 1/1
   290 | D:2      | Reached skill level 3 in Axes
   311 | D:2      | Reached XP level 3. HP: 32/33 MP: 2/2
   406 | D:3      | Found a glowing golden altar of the Shining One.
   412 | D:3      | Identified the +4 ring mail "Rimomny" {Rampage rElec Regen+
                  | Stlth+}
   694 | D:3      | Found a burning altar of Makhleb.
   750 | D:3      | Found a faded altar of an unknown god.
   966 | D:4      | Found Hanida's Book Shoppe.
   978 | D:4      | Noticed a phantom
   989 | D:4      | Killed a phantom
   990 | D:4      | Reached skill level 4 in Axes
   990 | D:4      | Reached XP level 4. HP: 41/41 MP: 3/3
  1004 | D:4      | Reached XP level 5. HP: 34/47 MP: 4/4
  1048 | D:4      | Identified the +0 ring mail "Ciwexalu" {rF+++ rC- rCorr
                  | Int-3}
  1062 | D:4      | Noticed an ogre
  1070 | D:4      | Killed an ogre
  1071 | D:4      | Reached skill level 1 in Dodging
  1071 | D:4      | Reached skill level 1 in Stealth
  1074 | D:4      | Reached skill level 5 in Armour
  1186 | D:4      | Reached XP level 6. HP: 53/53 MP: 5/5
  1302 | D:5      | Entered Level 5 of the Dungeon
  1337 | D:5      | Reached skill level 5 in Axes
  1349 | D:5      | Found an ornate altar of the Wu Jian Council.
  1390 | D:5      | Found a staircase to the Ecumenical Temple.
  1599 | D:6      | Found a stormy altar of Qazlal.
  1760 | D:6      | Reached XP level 7. HP: 60/60 MP: 6/6
  1776 | D:6      | Reached skill level 6 in Axes
  1867 | D:6      | Found a hide-covered altar of Uskayaw.
  2059 | D:7      | Reached skill level 5 in Fighting
  2060 | D:7      | Reached skill level 5 in Shields
  2064 | D:7      | Reached skill level 7 in Axes
  2073 | D:7      | Reached XP level 8. HP: 62/68 MP: 7/7
  2170 | D:8      | Reached skill level 8 in Axes
  2212 | D:8      | Reached skill level 9 in Axes
  2225 | D:8      | Reached XP level 9. HP: 75/78 MP: 8/8
  2400 | D:9      | Reached skill level 10 in Axes
  2513 | D:9      | Found a broken altar of Ashenzari.
  2521 | D:9      | Reached skill level 11 in Axes
  2527 | D:9      | Reached skill level 5 in Dodging
  2697 | D:9      | Noticed a two-headed ogre
  2706 | D:9      | Killed a two-headed ogre
  2707 | D:9      | Reached skill level 12 in Axes
  2707 | D:9      | Reached XP level 10. HP: 58/88 MP: 9/9
  2810 | D:10     | Entered Level 10 of the Dungeon
  2821 | D:10     | Found a radiant altar of Vehumet.
  3019 | D:10     | Found a sacrificial altar of Ru.
  3048 | D:10     | Found a staircase to the Orcish Mines.
  3071 | Orc:1    | Entered Level 1 of the Orcish Mines
  3071 | Orc:1    | Noticed an orc sorcerer
  3079 | Orc:1    | Paralysed by an orc sorcerer for 3 turns
  3084 | Orc:1    | Noticed a soul eater
  3084 | Orc:1    | Killed an orc sorcerer
  3099 | Orc:1    | Noticed an orc sorcerer
  3106 | Orc:1    | Noticed a rust devil
  3109 | Orc:1    | Killed an orc sorcerer
  3135 | Orc:1    | Reached skill level 13 in Axes
  3662 | Orc:2    | Entered Level 2 of the Orcish Mines
  3788 | Orc:2    | Found Kufeof's Firing Range.
  3818 | Orc:2    | Noticed a two-headed ogre
  3818 | Orc:2    | Noticed a two-headed ogre
  3818 | Orc:2    | Noticed a two-headed ogre
  3835 | Orc:2    | HP: 1/91 [two-headed ogre/+0 giant spiked club (7)]
  3837 | Orc:1    | Gained mutation: Your health recovers twice as slowly from
                  | being drained. [potion of mutation]
  3837 | Orc:1    | Gained mutation: You occasionally lose the ability to drink
                  | potions when taking damage. [potion of mutation]
  3837 | Orc:1    | Gained mutation: Armour fits poorly on your strangely
                  | shaped body. [potion of mutation]
  3837 | Orc:1    | Gained mutation: You expend magic power (3 MP) to
                  | strengthen your wands. [potion of mutation]
  3837 | Orc:1    | Mangled by a two-headed ogre

Illustrated notes

Levels and vault maps discovered:
D:1:      dpeg_arrival_brainrot, layout_basic, corexii_corridor_pit,
          due_unseen_surprise
D:2:      layout_loops_cross
D:3:      layout_basic, nicolae_tso_swordbearing_angel,
          overflow_temple_1_default, ebering_ecumenical_altar_ruins
D:4:      layout_cave_pools, lemuel_blue_sif_altar, serial_library,
          serial_library_hellmonk_layered_room,
          serial_library_hellmonk_hallway_a,
          serial_library_hellmonk_double_dead_end,
          serial_library_hellmonk_room_b,
          serial_library_hellmonk_reading_circle,
          serial_library_hellmonk_room_a,
          serial_library_regret_index_small_wings, serial_shops,
          nicolae_shop_tiny_glass
D:5:      layout_rooms, nicolae_wu_jian_wuxing_cycle,
          minmay_temple_entry_from_below_a
D:6:      layout_basic, nicolae_uskayaw_dance_hall,
          mainiacjoe_overflow_alcove_2, serial_shops, shop
D:7:      layout_rooms, nrook_pool_corridor
D:8:      layout_rooms, gammafunk_ghost_wrathful_warriors, columned_hall_lemuel,
          dreamdust_gnoll_shepherd
D:9:      layout_loops_corners, mainiacjoe_overflow_small_starburst,
          nicolae_titane
D:10:     layout_layer_cave, nicolae_ru_sacrificial_ziggurat, kennysheep_mini,
          lemuel_tele_altar, david_lair_shrubbed, david_orc_1_choice,
          einodemon_armed_red_devil_minivault, uniq_psyche
Orc:1:    layout_caves, nicolae_orc_takin'_care_of_business
Orc:2:    st_orc_ogre_mass, layout_caves, basic_altar,
          nicolae_shop_firing_range, uniq_azrael, uniq_urug

Skill      XL: |  1  2  3  4  5  6  7  8  9 10 |
---------------+-------------------------------+-----
Fighting       | 4 5 6 8 9 |  9.4
Axes           | 3 4 5 7 9 12 13 | 13.5
Shields        | 4 5 6 |  6.4
Armour         | 4 5 6 7 8 |  8.2
Dodging        | 1 2 3 4 5 6 |  6.2
Stealth        | 1 2 3 |  3.4
Throwing       | |  0.4

Action                     |  1- 3 |  4- 6 |  7- 9 | 10-12 || total
---------------------------+-------+-------+-------+-------++-------
  Melee: War axe           |    51 |    76 |    43 |       ||   170
         Headbutt          |     6 |     5 |    25 |    28 ||    64
         Battleaxe         |       |       |    80 |       ||    80
         Hand axe          |       |       |    22 |   150 ||   172
  Throw: Dart              |     2 |     2 |       |       ||     4
    Use: Potion            |       |       |     1 |     3 ||     4
   Stab: Sleeping          |     1 |       |     1 |     1 ||     3
         Distracted        |       |       |     1 |       ||     1
 Armour: Scale mail        |    33 |       |       |       ||    33
         Ring mail         |    28 |    79 |   173 |   103 ||   383
  Dodge: Dodged            |    43 |    55 |    86 |    62 ||   246
  Block: Buckler           |    17 |    23 |    14 |    29 ||    83

Table legend: (Time is in decaauts)
 A = Elapsed time spent in this place.
 B = Non-inter-level travel time spent in this place.
 C = Inter-level travel time spent in this place.
 D = Time resting spent in this place.
 E = Time spent auto-exploring this place.
 F = Levels seen in this place.
 G = Mean time per level.
                   A        B        C        D        E       F      G
               +--------+--------+--------+--------+--------+-----+--------+
         Total |   3848 |   2682 |   1166 |      0 |      0 |  12 |  320.7 |
       Dungeon |   3117 |   2262 |    855 |      0 |      0 |  10 |  311.7 |
  Orcish Mines |    731 |    420 |    311 |      0 |      0 |   2 |  365.5 |
               +--------+--------+--------+--------+--------+-----+--------+

Top non-repeatable levels by time:
   Orc:1: 565 daAuts
     D:3: 563 daAuts
     D:6: 533 daAuts
     D:9: 413 daAuts
     D:4: 352 daAuts
     D:8: 259 daAuts
    D:10: 247 daAuts
     D:1: 244 daAuts
     D:5: 227 daAuts
     D:2: 170 daAuts
   Orc:2: 166 daAuts
     D:7: 105 daAuts
